 Dungeon Crawl Stone Soup version 0.25-a0-578-gc91f01c39c (webtiles) character file.

Game seed: 795518763812684640, levelgen mode: deterministic

20007 Flugslaktarn the Cleaver (level 12, -5/112 HPs)
             Began as a Deep Dwarf Fighter on Mar 3, 2020.
             Was the Champion of Cheibriados.
             Slain by a 13-headed hydra (10 damage)
             ... on level 5 of the Lair of Beasts.
             The game lasted 00:05:55 (8649 turns).

Flugslaktarn the Cleaver (Deep Dwarf Fighter)       Turns: 8649, Time: 00:05:55

Health: -5/112     AC: 16    Str: 39    XL:     12   Next: 41%
Magic:  2/9        EV:  8    Int: 25    God:    Cheibriados [******]
Gold:   845        SH: 16    Dex: 27    Spells: 11/11 levels left

rFire    . . .     SeeInvis .   G - +2 war axe (elec)
rCold    + . .     Gourm    .   c - +1 kite shield
rNeg     . . .     Faith    .   v - +1 chain mail {rC+}
rPois    .         Spirit   .   (no helmet)
rElec    .         Reflect  .   (no cloak)
rCorr    .         Harm     .   (no gloves)
MR       +....                  (no boots)
Stlth    ..........             (no amulet)
HPRegen  0.00/turn              (no ring)
MPRegen  0.11/turn              p - +4 ring of protection

@: non-regenerating, very slow
A: damage resistance, heal wounds, sense surroundings 2, no regeneration
a: Heal Wounds, Bend Time, Temporal Distortion, Slouch, Step From Time, Renounce
Religion


You were on level 5 of the Lair of Beasts.
You worshipped Cheibriados.
Cheibriados was exalted by your worship.
You were not hungry.

You visited 3 branches of the dungeon, and saw 16 of its levels.

You collected 845 gold pieces.

Inventory:

Hand Weapons
 a - a +0 war axe
 j - the +8 demon trident "Rift" {distort, reach+}
   (You found it on level 1 of the Lair of Beasts)

   It warps and distorts space around it.
   Unwielding it can cause banishment or high damage.
 k - a +1 hand axe of flaming
   (You took it off an orc on level 6 of the Dungeon)
 o - a +2 hand axe of flaming
   (You found it on level 7 of the Dungeon)
 F - a +0 war axe
   (You took it off a naga on level 3 of the Lair of Beasts)
 G - a +2 war axe of electrocution (weapon)
   (You took it off a naga on level 3 of the Lair of Beasts)
Missiles
 i - 2 throwing nets (quivered)
Armour
 c - a +1 kite shield (worn)
 m - a +0 plate armour
   (You found it on level 2 of the Dungeon)
 v - a +1 chain mail of cold resistance (worn)
   (You took it off an orc warrior on level 8 of the Dungeon)
Jewellery
 p - a +4 ring of protection (right hand)
   (You found it on level 5 of the Dungeon)
 B - an uncursed ring of poison resistance {unknown}
   (You found it on level 2 of the Lair of Beasts)
Wands
 D - a wand of enslavement (10)
   (You found it on level 2 of the Lair of Beasts)
Scrolls
 n - 5 scrolls of immolation
 r - 10 scrolls of identify
 t - 3 scrolls of teleportation
 u - 2 scrolls of fog
 x - 6 scrolls of remove curse
 y - 3 scrolls of fear
 A - a scroll of noise {unknown}
 E - a scroll of brand weapon {unknown}
 I - a scroll of summoning {unknown}
 J - a scroll of blinking {unknown}
 K - a scroll of holy word {unknown}
Potions
 b - a potion of lignification
 d - 2 potions of might
 f - 3 potions of flight
 g - 3 potions of ambrosia
 h - 3 potions of degeneration
 l - 4 potions of brilliance
 q - 4 potions of curing
 s - a potion of stabbing
 w - 5 potions of heal wounds
 z - 4 potions of resistance {unknown}
 H - a potion of haste {unknown}
Comestibles
 e - 31 rations
 C - 2 chunks of flesh


   Skills:
 + Level 8.5 Fighting
 * Level 12.5(12.7) Axes
 - Level 2.4(7.3) Polearms
 + Level 10.2 Armour
 + Level 10.0 Shields
 + Level 10.6 Invocations


You had 11 spell levels left.
You didn't know any spells.
Your spell library was empty.

Dungeon Overview and Level Annotations

Branches:
Dungeon (10/15)            Temple (1/1) D:4            Lair (5/6) D:10
 Shoals (0/4) Lair:3        Snake (0/4) Lair:3        Slime (0/5) Lair:5
    Orc: D:9-12

Altars:
Ashenzari
Cheibriados
Dithmenos
Elyvilon
Fedhas
Gozag
Hepliaklqana
Kikubaaqudgha
Makhleb
Nemelex Xobeh
Okawaru
Qazlal
Ru
Sif Muna
Trog
Uskayaw
Vehumet
Wu Jian
Xom
Yredelemnul
Zin
The Shining One
Lugonu

Annotations:
Lair:3 1 runed translucent door, exclusion: oklob plant


Innate Abilities, Weirdness & Mutations

You are resistant to damage.
You can heal yourself by infusing magical energy.
You passively map the area around you.
You do not regenerate.


Message History

You slice the plant!! You block the 13-headed hydra's attack.
The 13-headed hydra barely misses you.
The 13-headed hydra bites you but does no damage.
The 13-headed hydra barely misses you.
The 13-headed hydra bites you but does no damage. x2
You block the 13-headed hydra's attack.
The 13-headed hydra bites you but does no damage. x3
The 13-headed hydra bites you!
* * * LOW HITPOINT WARNING * * *
The 13-headed hydra barely misses you. The 13-headed hydra bites you!
* * * LOW HITPOINT WARNING * * *
Your magical essence is drained by the effort!
You feel much better. The blink frog hits you!
* * * LOW HITPOINT WARNING * * *
You block the blink frog's attack.
You block the 13-headed hydra's attack. x2
The 13-headed hydra completely misses you.
The 13-headed hydra barely misses you. The 13-headed hydra bites you!
* * * LOW HITPOINT WARNING * * *
The 13-headed hydra bites you!
You die...

, , * ##.P#####.## ,, ..
.##.####......#...##
....*.........P......... ,
*+ #.. #P.................
, ,
#..###...............#. ,
,#..................<... >
#.....................P ,
####....††..............##
........F@..............##
, ,,
........D#PPP............#
,, ,
........†###..####..÷.....
.........# #### #PP......
, ,, .......F##* #........
..........#* * #........#
, ,..........P.. ,
#P........ ,
...........P..#*##........
....P.........# #........


You could see a 13-headed hydra and 2 blink frogs.

Vanquished Creatures
  A hydra (Lair:4)
  A two-headed ogre (D:7)
  A manticore (Lair:3)
  6 black mambas
  A gargoyle (D:10)
  2 spiny frogs
  5 rime drakes
  2 trolls
  6 hippogriffs
  9 blink frogs
  12 yaks
  2 wyverns
  2 basilisks
  3 nagas (Lair:3)
  3 wargs (D:10)
  2 porcupines
  6 water moccasins
  3 ice beasts
  5 orc warriors
  3 black bears
  5 necrophages (Lair:3)
  A phantom (D:9)
  A sky beast (D:6)
  3 ogres
  6 wolves (Lair:3)
  5 centaurs
  7 crocodiles
  2 big kobolds
  4 bullfrogs
  3 scorpions
  10 killer bees (D:10)
  An electric eel (Lair:3)
  14 wights
  2 howler monkeys
  3 crimson imps
  A centaur zombie (D:8)
  3 centaur skeletons
  A bullfrog zombie (D:10)
  16 orc wizards
  2 bullfrog skeletons (D:5)
  4 hounds
  3 jellies (D:8)
  8 orc priests
  2 iguanas
  5 worker ants
  A killer bee zombie (D:5)
  2 hound zombies (D:7)
  4 hound skeletons
  A howler monkey skeleton (D:7)
  A worker ant zombie (D:9)
  6 adders
  3 shadow imps
  5 oozes (D:8)
  2 adder skeletons
  3 worms
  A dart slug (D:2)
  A leopard gecko (D:3)
  44 orcs
  2 bats
  A bat zombie (D:2)
  2 giant cockroaches (D:5)
  5 goblins
  3 hobgoblins
  6 jackals
  13 kobolds
  5 quokkas
  2 ball python skeletons (D:2)
  2 frilled lizards
  A jackal skeleton (D:2)
  A leopard gecko skeleton (D:4)
  2 quokka skeletons
  2 quokka zombies (D:9)
  9 rats
  2 plants
319 creatures vanquished.

Vanquished Creatures (others)
  An orc wizard (D:8)
  2 fungi
  4 plants
7 creatures vanquished.

Grand Total: 326 creatures vanquished

Notes
Turn   | Place    | Note
-------+----------+-------------------------------------------
     0 | D:1      | Flugslaktarn the Deep Dwarf Fighter began the quest for the
                  | Orb.
     0 | D:1      | Reached XP level 1. HP: 20/20 MP: 1/1
    70 | D:1      | Reached XP level 2. HP: 25/27 MP: 2/2
    83 | D:2      | Reached skill level 3 in Axes
    83 | D:2      | Reached XP level 3. HP: 22/34 MP: 3/3
    93 | D:2      | Reached XP level 4. HP: 32/42 MP: 3/3
   131 | D:2      | Found a glowing golden altar of the Shining One.
   217 | D:2      | Reached skill level 4 in Axes
   217 | D:2      | Reached XP level 5. HP: 44/49 MP: 3/3
   293 | D:2      | Found a snail-covered altar of Cheibriados.
   322 | D:2      | Found an opulent altar of Gozag.
   393 | D:2      | Found a shadowy altar of Dithmenos.
   486 | D:3      | Found a shimmering altar of Xom.
   629 | D:4      | Found a staircase to the Ecumenical Temple.
   638 | Temple   | Entered the Ecumenical Temple
   786 | D:2      | Became a worshipper of Cheibriados the Contemplative
   882 | D:3      | Reached XP level 6. HP: 48/56 MP: 4/4
   902 | D:3      | Reached skill level 1 in Invocations
   909 | D:3      | Reached skill level 5 in Axes
  1130 | D:4      | Reached XP level 7. HP: 39/63 MP: 5/5
  1247 | D:4      | Found a sacrificial altar of Ru.
  1374 | D:4      | Found a burning altar of Makhleb.
  1410 | D:4      | Found an ancient bone altar of Kikubaaqudgha.
  1432 | D:4      | Reached skill level 5 in Armour
  1616 | D:5      | Entered Level 5 of the Dungeon
  1629 | D:5      | Reached * piety under Cheibriados
  1688 | D:5      | Reached skill level 5 in Shields
  1704 | D:5      | Found a basalt altar of Yredelemnul.
  1705 | D:5      | Reached skill level 6 in Axes
  2066 | D:5      | Reached ** piety under Cheibriados
  2079 | D:5      | Found a sacrificial altar of Ru.
  2197 | D:5      | Reached XP level 8. HP: 43/73 MP: 6/6
  2589 | D:6      | Reached skill level 7 in Axes
  2745 | D:6      | Found an ornate altar of the Wu Jian Council.
  3076 | D:7      | Reached *** piety under Cheibriados
  3087 | D:7      | Reached skill level 5 in Fighting
  3149 | D:7      | Noticed a moth of wrath
  3153 | D:7      | Found a bloodstained altar of Trog.
  3498 | D:7      | Reached skill level 5 in Invocations
  3658 | D:7      | Reached skill level 8 in Axes
  3658 | D:7      | Gained mutation: You passively map the area around you.
                  | [Deep Dwarf growth]
  3658 | D:7      | Reached XP level 9. HP: 44/81 MP: 8/8
  3661 | D:7      | Found a shattered altar of Ashenzari.
  3807 | D:7      | Noticed a two-headed ogre
  3817 | D:7      | Killed a two-headed ogre
  4032 | D:8      | Reached skill level 9 in Axes
  4077 | D:8      | Reached **** piety under Cheibriados
  4229 | D:8      | Found a sparkling altar of Nemelex Xobeh.
  4608 | D:9      | Reached XP level 10. HP: 81/91 MP: 8/8
  5101 | D:10     | Entered Level 10 of the Dungeon
  5182 | D:10     | Reached ***** piety under Cheibriados
  5182 | D:10     | Reached skill level 10 in Axes
  5215 | D:10     | Noticed a gargoyle
  5228 | D:10     | Killed a gargoyle
  5317 | D:10     | Found a staircase to the Lair.
  5340 | D:10     | Identified the Collected Works on Flamy Conjuration
  5427 | D:10     | Reached skill level 11 in Axes
  5483 | D:10     | Reached XP level 11. HP: 59/99 MP: 10/10
  5852 | Lair:1   | Entered Level 1 of the Lair of Beasts
  5900 | Lair:1   | Reached ****** piety under Cheibriados
  5914 | Lair:1   | Found the +8 demon trident "Rift" {distort, reach+}
  6023 | Lair:1   | Found a burning altar of Makhleb.
  7054 | Lair:3   | Reached skill level 1 in Polearms
  7204 | Lair:3   | Found a staircase to the Shoals.
  7248 | Lair:3   | Found a staircase to the Snake Pit.
  7287 | Lair:3   | Found a runed translucent door.
  7288 | Lair:3   | Noticed a fire crab
  7373 | Lair:3   | Noticed an oklob plant
  7732 | Lair:4   | Noticed an eight-headed hydra
  7738 | Lair:4   | Reached skill level 10 in Invocations
  7742 | Lair:4   | Killed a 16-headed hydra
  7742 | Lair:4   | Reached XP level 12. HP: 15/110 MP: 12/12
  7788 | Lair:4   | Reached skill level 12 in Axes
  8260 | Lair:4   | Reached skill level 10 in Armour
  8629 | Lair:5   | Noticed a seven-headed hydra
  8643 | Lair:5   | Reached skill level 10 in Shields
  8649 | Lair:5   | HP: 5/112 [13-headed hydra (8)]
  8649 | Lair:5   | Slain by a 13-headed hydra

Levels and vault maps discovered:
D:1:      onia_arrival_pentagram, layout_loops_ring, minivault_5, hex_large
D:2:      layout_rooms, marbit_many_paths, lemuel_crystal_altar,
          cheibriados_altar_1, grunt_dithmenos_smoke, serial_undead,
          serial_undead_e, serial_undead_c, serial_undead_b, serial_undead_c
D:3:      layout_loops_ring, nicolae_overflow_crystal_walls
D:4:      layout_rooms, lemuel_doored_altar, old_standard_altar,
          nicolae_overflow_hidden_temple, minmay_temple_entry_mini_moons,
          first_ration, lexackson_kobold_supper
D:5:      layout_loops_cross, overflow_temple_1_default, minmay_crystal_water,
          nicolae_ru_awakened_eye
D:6:      layout_loops_ring, old_standard_altar
D:7:      layout_loops_ring, nicolae_ashenzari_panopticon, tgw_trog
D:8:      layout_rooms, kennysheep_little_box, hangedman_little_slice_of_home
D:9:      layout_loops_cross, kennysheep_generic_room_12
D:10:     layout_irregular_city, erik_lair_orcish_takeover
Temple:   corrupted_temple
Lair:1:   layout_cave_shapes, lemuel_centaur_altar, lemuel_fruit_tree
Lair:2:   layout_hall_layers, grunt_megastairs_2
Lair:3:   gammafunk_mikee_crab_dinner, layout_loops_ring,
          minmay_shoals_entry_beasts, minmay_snake_entry_guardpost_small,
          roderic_carrion_pond, minmay_lair_oklob_chamber,
          infiniplex_staircase_pool
Lair:4:   beast_lair_carwin_large_2, layout_cave_pods, serial_bayou_pond_e
Lair:5:   layout_hall_layers, slime_altar_2, minivault_27,
          minmay_lair_oklob_bushes, st_stairs_8, fungi_pond_lemuel,
          kennysheep_catoblepas_arena, lemuel_fruit_fields

Skill      XL: |  1  2  3  4  5  6  7  8  9 10 11 12 |
---------------+-------------------------------------+-----
Fighting       | 3 4 5 6 8 |  8.5
Axes           | 3 4 5 6 8 9 11 12 | 12.5
Armour         | 4 5 6 7 8 9 10 | 10.2
Shields        | 4 5 6 7 8 9 10 | 10.0
Invocations    | 1 3 5 6 8 10 | 10.6
Polearms       | 2 |  2.4

Action                   |  1- 3 |  4- 6 |  7- 9 | 10-12 || total
-------------------------+-------+-------+-------+-------++-------
Melee: War axe           |    21 |   148 |   162 |    92 ||   423
       Hand axe          |       |       |   295 |   269 ||   564
       Demon trident     |       |       |       |    84 ||    84
Invok: Bend Time         |       |       |       |     1 ||     1
       Slouch            |       |       |       |     1 ||     1
 Abil: Heal Wounds       |     1 |     5 |    10 |    26 ||    42
  Use: Scroll            |       |       |    16 |     1 ||    17
 Stab: Distracted        |       |       |     1 |       ||     1
  Eat: Chunk             |       |     1 |     1 |     9 ||    11
       Ration            |       |     1 |     1 |       ||     2
Armor: Scale mail        |    11 |    25 |       |       ||    36
       Plate armour      |       |    72 |   279 |       ||   351
       Chain mail        |       |       |    16 |   230 ||   246
Dodge: Dodged            |    15 |    33 |    76 |   150 ||   274
Block: Kite shield       |    20 |    90 |   288 |   397 ||   795

Table legend:
 A = Non-vault XP
 B = Vault XP
 C = Vault XP percentage of total XP
 D = Non-vault monster count
 E = Vault monster count
 F = Vault count percentage of total count
                 A         B        C        D         E       F
            +---------+---------+-------+---------+---------+-------
      Total |   22661 |    5921 |  20.7 |     263 |      55 |  17.3
            +---------+---------+-------+---------+---------+-------
        D:1 |      13 |       0 |   0.0 |       8 |       0 |   0.0
        D:2 |     197 |       7 |   3.4 |      17 |       6 |  26.1
        D:3 |     319 |       0 |   0.0 |      11 |       0 |   0.0
        D:4 |     255 |     101 |  28.4 |      19 |       5 |  20.8
        D:5 |     547 |       0 |   0.0 |      25 |       0 |   0.0
        D:6 |     812 |       0 |   0.0 |      20 |       0 |   0.0
        D:7 |    1589 |       9 |   0.6 |      23 |       5 |  17.9
        D:8 |    1170 |     155 |  11.7 |      19 |       8 |  29.6
        D:9 |    1078 |       0 |   0.0 |      16 |       0 |   0.0
       D:10 |    5277 |     637 |  10.8 |      55 |       8 |  12.7
     Lair:1 |    1322 |     451 |  25.4 |       4 |       4 |  50.0
     Lair:2 |    2157 |     563 |  20.7 |      10 |       2 |  16.7
     Lair:3 |    2701 |    1889 |  41.2 |      16 |      10 |  38.5
     Lair:4 |    4079 |    1847 |  31.2 |      14 |       6 |  30.0
     Lair:5 |    1145 |     262 |  18.6 |       6 |       1 |  14.3
            +---------+---------+-------+---------+---------+-------
